 Dungeon Crawl Stone Soup version 0.28.0-53-g5a82cb258f (webtiles) character file.

Game seed: 12142904520237183366

186485 LustLizard the Warrior (level 17, -1/145 (158) HPs)
             Began as a Minotaur Berserker on June 28, 2022.
             Was a High Priest of Trog.
             Shot with an arrow by a naga sharpshooter (17 damage)
             ... led by Vashnia
             ... on level 2 of the Snake Pit.
             The game lasted 02:14:20 (31192 turns).

LustLizard the Warrior (Minotaur Berserker)        Turns: 31192, Time: 02:14:21

HP:   -1/145 (158)  AC: 40    Str: 31    XL:     17   Next: 43%
MP:   5/7           EV:  8    Int:  6    God:    Trog [*****.]
Gold: 1622          SH: 10    Dex:  8    Spells: 16/16 levels left

rFire   . . .      SeeInvis .   y - +8 short sword of Recklessness {spect, *Rage rElec rPois MP-9}
rCold   . . .      Faith    +   z - +3 warlock's mirror {reflect}
rNeg    + + +      Spirit   .   f - +11 plate armour of Qupso {+Inv}
rPois   +          Reflect  +   P - +2 hat {Will+}
rElec   +          Harm     .   u - +2 cloak
rCorr   .          Rampage  .   w - +2 pair of gloves
Will    ++...      Rage     20% (no boots)
Stlth   ..........              e - amulet "Cadimif" {Faith Fly Regen+ Dex+2 Slay+2}
HPRegen 1.14/turn               a - ring of Ashenzari's Hope {*Corrode rN+++ AC+4 Str+4 Dex-5}
MPRegen 0.10/turn               r - +4 ring of protection

@: corroded, on berserk cooldown, flying, very slightly contaminated, slowed,
studying 2 skills, drained, invisible, very slow
A: horns 2, retaliatory headbutt
}: 1/15 runes: barnacled
a: Renounce Religion, Evoke Invisibility, Berserk, Trog's Hand, Brothers in Arms


You were on level 2 of the Snake Pit.
You worshipped Trog.
Trog was extremely pleased with you.
You visited 5 branches of the dungeon, and saw 27 of its levels.
You visited 1 bazaar.
You also visited: Gauntlet and Ice Cave.

You collected 2782 gold pieces.
You spent 1160 gold pieces at shops.

Inventory:

Hand Weapons
 y - the +8 short sword of Recklessness (weapon) {spect, *Rage rElec rPois MP-9}
   (You found it on level 4 of the Dungeon)

   When its wielder attacks, the weapon's spirit leaps out and strikes again.
   The spirit shares a part of any damage it takes with its wielder.
   rElec:     It insulates you from electricity.
   rPois:     It protects you from poison.
   MP:        It affects your magic capacity (-9).
   *Rage:     It berserks you when you make melee attacks (+20% chance).
 E - the +8 whip of an ice cave {vorpal, Will+ Dex+3 SInv}
   (You found it on level 2 of the Shoals)

   It inflicts extra damage upon your enemies.
   Dex:       It affects your dexterity (+3).
   SInv:      It lets you see invisible.
   Will:      It increases your willpower.
 K - a +0 broad axe of electrocution
 O - the +5 spear "Saucoss" {vorpal, +Blink rC+ rN+ rCorr Stlth-}
   (You found it on level 7 of the Dungeon)

   It inflicts extra damage upon your enemies.
   rC:        It protects you from cold.
   rN:        It protects you from negative energy.
   +Blink:    It lets you blink.
   rCorr:     It protects you from acid and corrosion.
   Stlth:     It makes you less stealthy.
Missiles
 h - 5 curare-tipped darts
 i - 727 stones (quivered)
 o - 36 javelins
 B - 21 boomerangs
 D - 10 poisoned darts
 I - 7 silver javelins
 N - 9 atropa-tipped darts
 R - 2 throwing nets
 X - a boomerang of dispersal
Armour
 f - the +11 plate armour of Qupso (worn) {+Inv}
   (You found it on level 6 of the Lair of Beasts)

   +Inv:      It lets you turn invisible.
 u - a +2 cloak (worn)
 w - a +2 pair of gloves (worn)
 z - the +3 warlock's mirror (worn) {reflect}
   (You acquired it on level 4 of the Lair of Beasts)

   It can block and reflect piercing ranged attacks and magical attacks against
   the wielder's willpower.
 P - a +2 hat of willpower (worn)
Jewellery
 a - the ring of Ashenzari's Hope (left hand) {*Corrode rN+++ AC+4 Str+4 Dex-5}
   (You found it in a Gauntlet)

   [ring of protection]

   AC:        It affects your AC (+4).
   Str:       It affects your strength (+4).
   Dex:       It affects your dexterity (-5).
   rN:        It renders you almost immune to negative energy.
   *Corrode:  It may corrode you when you take damage.
 e - the amulet "Cadimif" (around neck) {Faith Fly Regen+ Dex+2 Slay+2}
   (You acquired it on level 4 of the Lair of Beasts)

   [amulet of faith]

   It allows you to gain divine favour quickly.
   Dex:       It affects your dexterity (+2).
   Slay:      It affects your accuracy & damage with ranged weapons and melee
   (+2).
   Fly:       It grants you flight.
   Regen:     It increases your rate of health regeneration.
 r - a +4 ring of protection (right hand)
 A - a ring of willpower
 M - an amulet of guardian spirit
Wands
 m - a wand of mindburst (21)
 v - a wand of flame (29)
 x - a wand of digging (23)
 C - a wand of acid (11)
 F - a wand of iceblast (17)
 J - a wand of paralysis (8)
 W - a wand of charming (7)
Scrolls
 g - 11 scrolls of teleportation
 j - 5 scrolls of blinking
 n - a scroll of immolation
 G - 3 scrolls of fog
 H - 6 scrolls of fear
 Q - a scroll of enchant weapon
 S - 10 scrolls of magic mapping
 U - a scroll of holy word
 V - a scroll of silence
 Z - 2 scrolls of identify
Potions
 b - 3 potions of haste
 c - 8 potions of heal wounds
 d - 6 potions of curing
 k - 5 potions of mutation
 l - 2 potions of resistance
 p - a potion of invisibility
 q - a potion of ambrosia
 s - 7 potions of lignification
 t - 5 potions of might
 T - a potion of cancellation
Miscellaneous
 L - a condenser vane
 Y - a phantom mirror


   Skills:
 + Level 16.0 Fighting
 - Level 12.0 Short Blades
 - Level 8.2(12.5) Axes
 * Level 10.3(11.5) Maces & Flails
 - Level 11.0(12.1) Polearms
 + Level 13.0 Throwing
 - Level 13.1 Armour
 - Level 2.1 Dodging
 - Level 15.1 Shields
 * Level 12.6 Evocations


You had 16 spell levels left.
You didn't know any spells.
Your spell library was empty.

Dungeon Overview and Level Annotations

Branches:
Dungeon (13/15)            Temple (0/1) D:7            Lair (6/6) D:9
 Shoals (4/4) Lair:4        Snake (2/4) Lair:4        Slime (0/5) Lair:5
    Orc (2/2) D:11            Elf (0/3) Orc:2         IceCv (visited)
Gauntlet (visited)
 Vaults: D:13-14

Altars:
Ashenzari
Elyvilon
Fedhas
Gozag
Kikubaaqudgha
Okawaru
Qazlal
Ru
Vehumet
Wu Jian
Xom
Jiyva

Shops:
Orc:2 =(!*   Shoals:2 (   Shoals:3 (

Annotations:
D:8 3 runed translucent doors, 0gre's ghost, novice GnIE
Lair:5 1 runed translucent door
Snake:2 Vashnia


Innate Abilities, Weirdness & Mutations

You have a pair of horns on your head.
You reflexively headbutt those who attack you in melee.


Message History

You block the naga's attack.
Vashnia gestures wildly while chanting.
Vashnia blinks!
Okay, then.
Okay, then.
Press: ? - help, . - travel You can't see that place. [the floor.]
You feel drained.
You fade into invisibility!
You are very lightly contaminated with residual magic.
The salamander hits you with a +4 halberd.
* * * LOW HITPOINT WARNING * * *
You are engulfed in flames!
* * * LOW HITPOINT WARNING * * *
The naga sharpshooter gestures wildly while chanting.
The naga sharpshooter magically shoots a bolt.
The bolt hits you but does no damage.
The naga sharpshooter unwields a +1 dire flail of protection.
The naga sharpshooter wields a +0 shortbow.
The naga sharpshooter mumbles some strange words.
A naga sharpshooter comes into view. It is wielding a +0 flail.
The naga spits poison at you.
The splash of poison hits you but does no damage.
You resist.
The salamander hits you but does no damage.
You hear a shout!
You feel much better.
The naga sharpshooter shouts!
The naga sharpshooter casts a spell.
The naga sharpshooter magically shoots an arrow.
You reflect the arrow off your +3 warlock's mirror {reflect}!
The naga hits you from afar with a +0 glaive!!
* * * LOW HITPOINT WARNING * * *
The naga sharpshooter unwields a +0 flail.
The naga sharpshooter wields a +0 shortbow.
The naga sharpshooter gestures wildly while chanting.
The naga sharpshooter magically shoots an arrow.
The arrow hits you!
You die...

#......N.N.#.N..
#.....NN.N.N..N.
#......N(.S.[...
##.......##......
####.....#NNN# ...#.
.........#.#N# ....
..##.......#N# ...
#........#N# ..
.....#....[#@# #
.....
##...#....†#.##
...## (...
#####.N..## .....
#.. #.##..## ....
#.. #......### ...
#........###### #.#
#........##...###.##
##.......##.........
###.....##...###.##


You could see Vashnia, 2 naga sharpshooters, a salamander and 5 nagas.

Vanquished Creatures
  Bai Suzhen (Shoals:4)
  5 krakens
  Gastronok (Lair:1)
  Roxanne (Shoals:1)
  Polyphemus (Shoals:4)
  Ilsuiw (Shoals:3)
  An orc warlord (Orc:1)
  A reaper (IceCv)
  A minotaur (Gauntlet)
  An ettin (Orc:2)
  Josephine (D:10)
  6 merfolk impalers
  6 merfolk javelineers
  Fannar (Lair:3)
  6 boulder beetles
  8 hydras
  2 alligator snapping turtles
  Erica (D:9)
  3 catoblepae
  A centaur warrior (D:13)
  2 naga warriors
  2 anacondas (Snake:1)
  6 two-headed ogres
  3 merfolk aquamancers
  11 death yaks
  3 satyrs
  7 merfolk avatars
  3 naga sharpshooters (Snake:1)
  Urug (D:12)
  Nergalle (Lair:2)
  2 shock serpents
  A deep elf knight (D:13)
  15 sea snakes
  2 deep elf pyromancers
  19 harpies
  3 orc knights (Orc:2)
  A mana viper (Snake:1)
  An ugly thing (D:13)
  9 manticores
  22 fauns
  An orc sorcerer (Orc:2)
  4 cyclopes
  3 salamanders (Snake:2)
  14 black mambas
  9 water nymphs
  2 ice statues (IceCv)
  19 merfolk sirens
  6 elephants
  2 gargoyles
  9 naga magi
  A guardian serpent (Snake:2)
  15 cane toads
  6 rime drakes
  4 kobold demonologists
  A tengu conjurer (D:13)
  5 komodo dragons
  2 anaconda simulacra (IceCv)
  An entropy weaver simulacrum (IceCv)
  A freezing wraith (IceCv)
  6 ice devils (IceCv)
  A troll (D:8)
  4 polar bears
  21 merfolk
  2 hornets (Lair:6)
  8 slime creatures
  14 snapping turtles
  7 wind drakes
  20 blink frogs
  A meliai zombie (D:10)
  4 dream sheep (Shoals:1)
  8 wraiths
  6 shadows
  Sigmund (D:5)
  34 yaks
  9 water elementals
  The ghost of styxcanada the Sneak, an amateur SpBr (D:5)
  4 dire elephant simulacra (IceCv)
  14 wyverns
  6 basilisks
  3 chaos spawn (Gauntlet)
  A neqoxec (Gauntlet)
  2 steam dragons (Lair:6)
  3 harpy simulacra (IceCv)
  2 death yak simulacra (IceCv)
  An acid dragon (D:11)
  15 nagas
  6 wargs
  8 water moccasins
  Duvessa (D:6)
  40 orc warriors
  A sky beast (D:6)
  An ice beast (D:8)
  A black bear (D:6)
  A hornet zombie (D:6)
  5 ogres
  2 necrophages (D:6)
  21 centaurs
  A phantom (D:5)
  3 kobold brigands (D:10)
  13 bullfrogs
  A scorpion (D:6)
  2 two-headed ogre simulacra (D:13)
  A wyvern skeleton (D:6)
  2 cane toad simulacra
  Dowan (D:6)
  An elephant simulacrum (D:13)
  10 killer bees
  4 wights (D:9)
  8 electric eels
  4 centaur zombies
  3 lava snakes (Lair:6)
  A bullfrog zombie (D:5)
  20 orc priests
  Crazy Yiuf (D:4)
  A jelly (D:4)
  A centaur skeleton (D:7)
  4 hounds
  3 bullfrog skeletons
  3 iguanas
  14 orc wizards
  A scorpion zombie (D:5)
  Natasha (thrice) (D:2)
  13 hell rats
  A spriggan simulacrum (D:13)
  2 troll simulacra (D:13)
  A howler monkey zombie (D:9)
  Robin (D:4)
  A howler monkey skeleton (D:7)
  6 adders
  2 naga simulacra
  4 white imps
  An ufetubus (D:7)
  A worm (D:2)
  A dart slug (D:2)
  77 orcs
  5 ball pythons
  3 bats
  10 endoplasms
  5 giant cockroaches
  13 goblins
  9 hobgoblins
  6 jackals
  3 quokkas
  2 frilled lizards
  11 kobolds
  3 rats (D:2)
  A bush (D:5)
  9 tentacles
850 creatures vanquished.

Vanquished Creatures (collateral kills)
  Nikola (Shoals:4)
  Jorgrun (Snake:1)
  Louise (Shoals:3)
  2 merfolk impalers (Shoals:4)
  A merfolk avatar (Shoals:4)
  A manticore (Shoals:4)
  A black mamba (Lair:1)
  An orc priest (D:11)
  7 orcs (D:11)
16 creatures vanquished.

Vanquished Creatures (others)
  A merfolk javelineer (Shoals:4)
  A catoblepas (Shoals:4)
  2 merfolk aquamancers (Shoals:4)
  40 fungi
  158 plants
  66 tentacles
268 creatures vanquished.

Grand Total: 1134 creatures vanquished

Notes
Turn   | Place    | Note
-------+----------+-------------------------------------------
     0 | D:1      | LustLizard the Minotaur Berserker began the quest for the
                  | Orb.
     0 | D:1      | Reached XP level 1. HP: 19/19 MP: 0/0
   401 | D:1      | Reached XP level 2. HP: 21/27 MP: 1/1
   793 | D:1      | Reached skill level 4 in Fighting
  1090 | D:2      | Reached ** piety under Trog
  1094 | D:2      | Reached XP level 3. HP: 32/33 MP: 2/2
  1176 | D:2      | Reached skill level 1 in Throwing
  1580 | D:2      | Noticed Natasha
  1595 | D:2      | Killed Natasha
  1596 | D:2      | Reached XP level 4. HP: 19/40 MP: 3/3
  1842 | D:2      | Noticed Natasha
  1852 | D:2      | Killed Natasha
  1853 | D:2      | Reached skill level 5 in Axes
  1864 | D:2      | Noticed Natasha
  1881 | D:2      | Killed Natasha
  1882 | D:2      | Reached XP level 5. HP: 23/47 MP: 4/4
  2201 | D:3      | Found a radiant altar of Vehumet.
  2962 | D:4      | Found a large runed translucent door.
  2971 | D:4      | Reached *** piety under Trog
  3118 | D:4      | Found a runed translucent door.
  3119 | D:4      | Noticed Crazy Yiuf
  3129 | D:4      | Killed Crazy Yiuf
  3130 | D:4      | Reached XP level 6. HP: 53/53 MP: 5/5
  3340 | D:4      | Noticed Robin
  3362 | D:4      | Killed Robin
  3672 | D:4      | Reached skill level 5 in Fighting
  3672 | D:4      | Identified the +8 short sword of Recklessness {spect, *Rage
                  | rElec rPois MP-9}
  3707 | D:4      | Reached skill level 1 in Evocations
  3707 | D:4      | Reached XP level 7. HP: 61/61 MP: 0/6
  3736 | D:4      | Found a large runed translucent door.
  3744 | D:4      | Found a shimmering altar of Xom.
  4021 | D:5      | Entered Level 5 of the Dungeon
  4081 | D:5      | Found a broken altar of Ashenzari.
  4244 | D:5      | Found a blossoming altar of Fedhas.
  4404 | D:5      | Found a white marble altar of Elyvilon.
  4473 | D:5      | Found a runed translucent door.
  4473 | D:5      | Noticed styxcanada's ghost (amateur SpBr)
  4522 | D:5      | Noticed Sigmund
  4540 | D:5      | Killed Sigmund
  4541 | D:5      | Reached XP level 8. HP: 68/70 MP: 0/7
  5030 | D:5      | Killed styxcanada's ghost
  5031 | D:5      | Reached skill level 5 in Throwing
  5067 | D:6      | Reached skill level 6 in Fighting
  5105 | D:6      | Reached skill level 1 in Short Blades
  5144 | D:6      | Noticed Dowan
  5144 | D:6      | Noticed Duvessa
  5152 | D:6      | Killed Duvessa
  5155 | D:6      | Killed Dowan
  5247 | D:6      | Reached **** piety under Trog
  5313 | D:6      | Reached skill level 5 in Short Blades
  5314 | D:6      | Reached XP level 9. HP: 71/75 MP: 0/8
  5506 | D:6      | Reached skill level 5 in Evocations
  5713 | D:6      | Found an iron altar of Okawaru.
  6287 | D:7      | Found an ornate altar of the Wu Jian Council.
  6429 | D:7      | Found a staircase to the Ecumenical Temple.
  6495 | D:7      | Identified the +5 spear "Saucoss" {vorpal, +Blink rC+ rN+
                  | rCorr Stlth-}
  6519 | D:7      | Found a sacrificial altar of Ru.
  6632 | D:7      | Identified the +7 halberd "Vuis" {freeze, rF++ Will+ Int-4
                  | SInv}
  7030 | D:8      | Reached skill level 1 in Polearms
  7103 | D:8      | Noticed a two-headed ogre
  7225 | D:7      | Killed a two-headed ogre
  7226 | D:7      | Reached XP level 10. HP: 74/84 MP: 9/9
  7334 | D:8      | Found a runed translucent gate.
  7334 | D:8      | Found a runed translucent gate.
  7334 | D:8      | Found a runed translucent gate.
  7339 | D:8      | Noticed 0gre's ghost (novice GnIE)
  7433 | D:8      | Noticed a two-headed ogre
  7441 | D:8      | Killed a two-headed ogre
  7442 | D:8      | Reached skill level 7 in Fighting
  7442 | D:8      | Reached skill level 5 in Polearms
  7463 | D:8      | Found an ancient bone altar of Kikubaaqudgha.
  7902 | D:8      | Reached ***** piety under Trog
  7937 | D:9      | Noticed a two-headed ogre
  7953 | D:9      | Killed a two-headed ogre
  7954 | D:9      | Reached skill level 8 in Fighting
  8260 | D:9      | Found a staircase to the Lair.
  8328 | D:9      | Noticed a two-headed ogre
  8342 | D:9      | Killed a two-headed ogre
  8620 | D:9      | Reached skill level 9 in Fighting
  8704 | D:9      | Noticed Erica
  9235 | D:9      | Killed Erica
  9236 | D:9      | Reached XP level 11. HP: 40/97 MP: 10/10
  9280 | D:10     | Entered Level 10 of the Dungeon
  9280 | D:10     | Noticed a two-headed ogre
  9289 | D:9      | Killed a two-headed ogre
  9290 | D:9      | Reached skill level 10 in Polearms
  9315 | D:10     | Noticed Josephine
  9864 | D:10     | Killed Josephine
  9900 | D:10     | Reached skill level 5 in Armour
  9906 | D:10     | Reached skill level 10 in Fighting
 10349 | D:11     | Received a gift from Trog
 10424 | D:11     | Noticed a boulder beetle
 10445 | D:11     | Killed a boulder beetle
 10460 | D:11     | Found an opulent altar of Gozag.
 10618 | D:11     | Found a gate leading to a gauntlet.
 10651 | D:11     | Reached XP level 12. HP: 59/107 MP: 11/11
 10654 | Gauntlet | Entered a Gauntlet
 10654 | Gauntlet | Found a transporter.
 10654 | Gauntlet | Found a transporter.
 10654 | Gauntlet | Found a transporter.
 10799 | Gauntlet | Found a transporter.
 10802 | Gauntlet | Found a transporter.
 10802 | Gauntlet | Found a transporter.
 10804 | Gauntlet | Noticed a death yak
 10805 | Gauntlet | Noticed a death yak
 10806 | Gauntlet | Noticed a death yak
 10806 | Gauntlet | Noticed a death yak
 10807 | Gauntlet | Noticed a death yak
 10817 | Gauntlet | Found a transporter.
 10818 | Gauntlet | Found a transporter.
 10830 | Gauntlet | Found a transporter.
 10836 | Gauntlet | Found a transporter.
 10840 | Gauntlet | Noticed a dire elephant
 10855 | Gauntlet | Found a transporter.
 10857 | Gauntlet | Found a transporter.
 10995 | Gauntlet | Identified the ring of Ashenzari's Hope {*Corrode rN+++
                  | AC+4 Str+4 Dex-5}
 11058 | Gauntlet | Identified the ring "Azug" {Contam rF+ rCorr Int+6 Dex+9}
 11092 | Gauntlet | Noticed a minotaur
 11124 | Gauntlet | Killed a minotaur
 11168 | Gauntlet | Identified the +4 leather armour "Luorgh" {rC+ Regen+}
 11319 | D:11     | Found a staircase to the Orcish Mines.
 11389 | Orc:1    | Entered Level 1 of the Orcish Mines
 11442 | Lair:1   | Entered Level 1 of the Lair of Beasts
 11612 | Lair:1   | Noticed Gastronok
 11784 | Lair:1   | Killed Gastronok
 12067 | Lair:1   | Noticed a boulder beetle
 12083 | Lair:1   | Killed a boulder beetle
 12564 | Lair:2   | Noticed a death yak
 12571 | Lair:2   | Noticed a death yak
 12575 | Lair:2   | Noticed a death yak
 12615 | Lair:2   | Noticed a five-headed hydra
 12652 | Lair:1   | Killed a death yak
 12673 | Lair:1   | Killed a death yak
 12678 | Lair:1   | Killed a death yak
 12679 | Lair:1   | Reached skill level 11 in Fighting
 12917 | Lair:2   | Reached skill level 10 in Short Blades
 12952 | Lair:2   | Found a stormy altar of Qazlal.
 13026 | Lair:2   | Killed a five-headed hydra
 13027 | Lair:2   | Reached skill level 1 in Shields
 13279 | Lair:2   | Noticed Nergalle
 13287 | Lair:2   | Killed Nergalle
 13382 | Lair:3   | Noticed a catoblepas
 13579 | Lair:3   | Reached XP level 13. HP: 116/116 MP: 3/12
 13720 | Lair:3   | Noticed Fannar
 14430 | Lair:3   | Killed Fannar
 14513 | Lair:4   | Found a staircase to the Shoals.
 14525 | Lair:4   | Identified 2 scrolls of acquirement
 14525 | Lair:4   | Acquired the amulet "Cadimif" {Faith Fly Regen+ Dex+2
                  | Slay+2}
 14526 | Lair:4   | Acquired the +3 warlock's mirror {reflect}
 14526 | Lair:4   | Found the +3 warlock's mirror {reflect}
 14574 | Lair:4   | Found a staircase to the Snake Pit.
 14947 | Lair:4   | Reached skill level 5 in Shields
 15545 | Lair:4   | Reached skill level 12 in Fighting
 15959 | Lair:5   | Found a runed translucent door.
 15959 | Lair:5   | Noticed an acid blob
 15960 | Lair:5   | Found a viscous altar of Jiyva.
 15961 | Lair:5   | Found a staircase to the Slime Pits.
 15962 | Lair:5   | Noticed an acid blob
 16333 | Lair:5   | Reached skill level 10 in Throwing
 16733 | Lair:6   | Entered Level 6 of the Lair of Beasts
 16860 | Lair:5   | Received a gift from Trog
 17000 | Lair:6   | Reached XP level 14. HP: 127/127 MP: 4/13
 17793 | Orc:2    | Entered Level 2 of the Orcish Mines
 17818 | Orc:2    | Received a gift from Trog
 17831 | Orc:2    | Reached ****** piety under Trog
 18306 | Orc:2    | Noticed an orc warlord
 18407 | Orc:1    | Killed an orc warlord
 18596 | Orc:2    | Reached skill level 10 in Armour
 18613 | Orc:2    | Found Daisuyre's Weapon Emporium.
 18613 | Orc:2    | Found Mecwuisewk's Distillery.
 18613 | Orc:2    | Found Uloasir's General Store.
 18624 | Orc:2    | Found Diumuur's Jewellery Shoppe.
 18701 | Orc:2    | Found a staircase to the Elven Halls.
 18990 | Orc:2    | Bought a potion of heal wounds for 50 gold pieces
 18990 | Orc:2    | Bought a potion of heal wounds for 50 gold pieces
 18990 | Orc:2    | Bought a potion of haste for 100 gold pieces
 19161 | Lair:6   | Reached skill level 13 in Fighting
 19334 | Lair:6   | Reached skill level 10 in Shields
 19670 | Lair:6   | Identified the +11 plate armour of Qupso {+Inv}
 20803 | D:12     | Noticed Urug
 20817 | D:12     | Killed Urug
 21398 | D:13     | Found a frozen archway.
 21438 | IceCv    | Entered an ice cave
 21494 | IceCv    | Reached XP level 15. HP: 136/136 MP: 14/14
 21756 | IceCv    | Received a gift from Trog
 22821 | Shoals:1 | Entered Level 1 of the Shoals
 23012 | Shoals:1 | Received a gift from Trog
 23112 | Shoals:1 | Reached skill level 14 in Fighting
 23128 | Shoals:1 | Reached skill level 10 in Evocations
 23266 | Shoals:1 | Noticed Roxanne
 23372 | Shoals:1 | Killed Roxanne
 23506 | Shoals:1 | HP: 6/138 [poisoned by a merfolk impaler]
 23741 | Shoals:1 | Received a gift from Trog
 24526 | Shoals:2 | Noticed a kraken
 24581 | Shoals:2 | Killed a kraken
 25389 | Shoals:2 | Reached XP level 16. HP: 147/147 MP: 15/15
 25495 | Shoals:2 | Found Noin's Firing Range.
 25634 | Shoals:2 | Identified the +8 whip of an ice cave {vorpal, Will+ Dex+3
                  | SInv}
 25906 | Shoals:3 | Noticed Ilsuiw
 25934 | Shoals:3 | Killed Ilsuiw
 26143 | Shoals:3 | Received a gift from Trog
 26237 | Shoals:3 | Found Utor's Weapon Shop.
 26320 | Shoals:3 | Reached skill level 1 in Maces & Flails
 26874 | Shoals:3 | Received a gift from Trog
 27142 | Shoals:3 | Noticed Louise
 27181 | Shoals:3 | Killed Louise
 27435 | Shoals:4 | Entered Level 4 of the Shoals
 27435 | Shoals:4 | Noticed Bai Suzhen
 27450 | Shoals:4 | Killed Bai Suzhen
 27485 | Shoals:4 | Noticed a kraken
 27524 | Shoals:4 | Killed a kraken
 27541 | Shoals:4 | Reached skill level 15 in Fighting
 27680 | Shoals:4 | Noticed Nikola
 27681 | Shoals:4 | Noticed Polyphemus
 27751 | Shoals:4 | Killed Polyphemus
 27783 | Shoals:4 | Found a flickering gateway to a bazaar.
 27789 | Bazaar   | Entered a bazaar
 27800 | Bazaar   | Found Jaqag's Jewellery Shop.
 27814 | Bazaar   | Found Useip's Book Shop.
 27850 | Bazaar   | Bought a manual of Maces & Flails for 960 gold pieces
 27977 | Shoals:4 | Noticed a kraken
 28040 | Shoals:4 | Killed a kraken
 28041 | Shoals:4 | Reached skill level 5 in Maces & Flails
 28240 | Shoals:4 | Killed Nikola
 28754 | Shoals:4 | Noticed a kraken
 28803 | Shoals:4 | Killed a kraken
 28803 | Shoals:4 | Received a gift from Trog
 28811 | Shoals:4 | Reached skill level 15 in Shields
 29031 | Shoals:4 | Reached XP level 17. HP: 135/150 MP: 16/16
 29181 | Shoals:4 | Noticed a kraken
 29427 | Shoals:4 | Killed a kraken
 29523 | Shoals:4 | Got a barnacled rune of Zot
 29729 | Snake:1  | Entered Level 1 of the Snake Pit
 29910 | Snake:1  | Identified the ring "Baamint" {rElec MP+9 EV+4 Dex+2}
 30282 | Snake:1  | Received a gift from Trog
 30727 | Snake:1  | Noticed Jorgrun
 30737 | Snake:1  | Killed Jorgrun
 31087 | Snake:2  | Reached skill level 10 in Maces & Flails
 31169 | Snake:2  | Reached skill level 16 in Fighting
 31189 | Snake:2  | Noticed Vashnia
 31192 | Snake:2  | Shot with an arrow by a naga sharpshooter

Illustrated notes

Levels and vault maps discovered:
D:1:      dpeg_arrival_tiny_c, layout_basic,
          wander_ebering_terrifying_dragon_lair
D:2:      layout_rooms, kennysheep_generic_room_3, uniq_natasha
D:3:      layout_rooms, nicolae_vehumet_altar_sigil
D:4:      due_chaos_kobolds, layout_cave_pools, uniq_robin,
          uniq_crazy_yiuf_cottage
D:5:      layout_basic, nicolae_elyvilon_temple_path, old_standard_altar,
          lemuel_crystal_altar, hellmonk_ghost_happy_afterlife,
          palyth_stone_intersect, kb_lookout_dungeons_type, uniq_sigmund
D:6:      layout_basic, okawaru_altar_gauntlet_db, uniq_duvessa
D:7:      layout_loops_ring, pdpol_wu_jian_five_deadly_venoms,
          kennysheep_mini_moat, minmay_temple_entry_large_hall
D:8:      layout_gridville, mainiacjoe_overflow_alcove_4,
          gammafunk_ghost_spectres
D:9:      layout_roguey, erik_lair_orcish_takeover, serial_bayou,
          serial_bayou_lagoon_a, serial_bayou_shore_b, serial_bayou_lake_a,
          serial_bayou_crossing, hangedman_abyss_or_decor_clamps, uniq_erica
D:10:     layout_rooms, kennysheep_opposing_triangles, uniq_josephine
D:11:     layout_rooms, hiddenorc1_lemuel, gauntlet_entry_generic,
          grunt_gozag_statues
D:12:     layout_roguey, uniq_urug
D:13:     layout_basic, portal_ice_cave_entry_ice_simulacra
Lair:1:   layout_cave_shapes, nzn_sisyphean_effort, uniq_gastronok
Lair:2:   layout_hall_layers, basic_altar, serial_bayou_pond_a,
          grunt_megastairs_4, infiniplex_staircase_pool, uniq_nergalle
Lair:3:   layout_cave_pods, uniq_fannar
Lair:4:   layout_roguey, shoals_dummy_entry, guppyfry_snake_entry_island,
          special_room [special_room_mythical_zoo], serial_rivers,
          chequers_serial_rivers_small_a, chequers_serial_rivers_micro_b,
          chequers_serial_rivers_micro_c, chequers_serial_rivers_small_b,
          chequers_serial_rivers_room_a, chequers_serial_rivers_small_b,
          fungi_pond_lemuel, lemuel_fruit_fields, lemuel_fruit_fields
Lair:5:   layout_regular_city, slime_altar_2, grunt_megastairs_1
Lair:6:   gammafunk_lair_ancient_temple, layout_regular_city,
          nicolae_lair_liquid_snakes
Shoals:1: layout_shoals, uniq_roxanne
Shoals:2: nzn_motion_control, layout_shoals, nicolae_shop_firing_range
Shoals:3: layout_shoals, serial_shops, shop_fountains, uniq_ilsuiw, uniq_louise
Shoals:4: shoals_end_hangedman, layout_shoals, serial_shops, bzr_entry_islet,
          uniq_polyphemus, uniq_nikola, uniq_bai_suzhen
Snake:1:  hangedman_cross_stitches, layout_gridlike, uniq_jorgrun
Snake:2:  layout_misc_corridors, uniq_vashnia
Orc:1:    layout_caves
Orc:2:    st_orc_rangers, layout_caves

Skill      XL: |  1  2  3  4  5  6  7  8  9 10 11 12 13 14 15 16 17 |
---------------+----------------------------------------------------+-----
Axes           | 4 5 6 7 8 |  8.2
Fighting       | 4 5 6 9 10 11 12 13 14 15 16 | 16.0
Throwing       | 1 2 3 4 5 7 9 10 11 12 13 | 13.0
Armour         | 3 4 5 7 9 10 12 13 | 13.1
Evocations     | 1 2 4 6 7 8 9 10 12 | 12.6
Short Blades   | 5 8 10 11 12 | 12.0
Polearms       | 4 9 11 | 11.0
Shields        | 2 8 11 13 15 | 15.1
Maces & Flails | 6 10 | 10.3
Dodging        | |  2.1

Action                   |  1- 3 |  4- 6 |  7- 9 | 10-12 | 13-15 | 16-18 || total
-------------------------+-------+-------+-------+-------+-------+-------++-------
Melee: Hand axe          |    99 |   132 |       |       |       |       ||   231
       Headbutt          |    11 |    15 |    37 |   109 |   387 |   171 ||   730
       Short sword       |       |     4 |   159 |   111 |   107 |   142 ||   523
       Spear             |       |       |    22 |   545 |  1845 |   890 ||  3302
       Punch             |       |       |     1 |    11 |       |       ||    12
Throw: Stone             |       |    43 |    37 |    75 |   355 |   235 ||   745
       Dart              |       |     1 |     1 |    19 |     3 |       ||    24
       Boomerang         |       |       |       |    10 |    21 |    13 ||    44
Invok: Berserk           |       |     3 |       |     2 |     3 |     1 ||     9
       Trog's Hand       |       |       |     2 |     1 |       |     1 ||     4
       Brothers in Arms  |       |       |       |     3 |       |     5 ||     8
 Abil: Evoke Blink       |       |       |       |     1 |       |     2 ||     3
       Evoke Invisibilit |       |       |       |       |       |     2 ||     2
Evoke: Wand              |       |       |       |       |       |     6 ||     6
  Use: Scroll            |       |       |     6 |    16 |    14 |     6 ||    42
       Potion            |       |       |       |     3 |     3 |     4 ||    10
 Stab: Sleeping          |     1 |       |       |       |       |       ||     1
       Distracted        |       |       |     1 |       |       |     2 ||     3
       Invisible         |       |       |       |       |       |     6 ||     6
Armor: Animal skin       |    18 |       |       |       |       |       ||    18
       Plate armour      |       |    78 |   127 |   205 |   678 |   612 ||  1700
Dodge: Dodged            |    60 |    48 |    53 |   176 |   307 |   232 ||   876
Block: Buckler           |       |       |       |       |   483 |   371 ||   854
       Reflection        |       |       |       |       |   103 |    49 ||   152
